 Dungeon Crawl Stone Soup version 0.29.1-15-g9cfb28693d (webtiles) character file.

Game seed: 7956440323945675554

606 Sanktem7 the Trooper (level 7, -1/61 (64) HPs)
             Began as a Minotaur Fighter on Mar 9, 2023.
             Was a Follower of Trog.
             Slain by a wight
             ... wielding a +4 halberd
              (11 damage)
             ... on level 4 of the Dungeon.
             The game lasted 00:05:43 (3450 turns).

Sanktem7 the Trooper (Minotaur Fighter)             Turns: 3450, Time: 00:05:44

HP:   -1/61 (64)    AC:  7    Str: 23    XL:     7   Next: 19%
MP:   6/6           EV:  9    Int:  5    God:    Trog [*.....]
Gold: 181           SH:  5    Dex:  9    Spells: 6/6 levels left

rFire   . . .      SeeInvis .   a - +1 war axe {axe}
rCold   . . .      Faith    .   c - +1 buckler
rNeg    . . .      Spirit   .   b - +0 scale mail
rPois   .          Reflect  .   (helmet restricted)
rElec   .          Harm     .   (no cloak)
rCorr   .          Rampage  .   (no gloves)
Will    .....                   (no boots)
Stlth   ..........              (no amulet)
HPRegen 0.20/turn               (no ring)
MPRegen 0.10/turn               (no ring)

@: lightly drained
A: horns 2, retaliatory headbutt
a: Renounce Religion, Berserk


You were on level 4 of the Dungeon.
You worshipped Trog.
Trog was aware of your devotion.
You visited 1 branch of the dungeon, and saw 4 of its levels.

You collected 181 gold pieces.


Innate Abilities, Weirdness & Mutations

You have a pair of horns on your head.
You reflexively headbutt those who attack you in melee.


   Skills:
 * Level 6.5 Fighting
 * Level 5.8 Axes
 + Level 2.7 Throwing
 + Level 5.2 Armour
 - Level 3.6 Shields


You had 6 spell levels left.
You didn't know any spells.
Your spell library contained the following spells:

 Spells                   Type           Power      Damage    Failure   Level
 Apportation              Tloc           0%         N/A       86%         1
 Magic Dart               Conj           0%         1d3       86%         1
 Sandblast                Erth           0%         2d4       86%         1
 Sting                    Tmut/Pois      0%         1d3       86%         1
 Call Imp                 Summ           0%         N/A       95%         2
 Ensorcelled Hibernation  Hex/Ice        0%         N/A       95%         2
 Passwall                 Tmut/Erth      0%         N/A       95%         2
 Poisonous Vapours        Pois/Air       0%         N/A       95%         2
 Mephitic Cloud           Conj/Pois/Air  0%         N/A       99%         3
 Ozocubu's Armour         Ice            0%         N/A       99%         3
 Stone Arrow              Conj/Erth      0%         3d7       99%         3
 Swiftness                Air            0%         N/A       99%         3
 Olgreb's Toxic Radiance  Pois           0%         N/A       100%        4
 Alistair's Intoxication  Tmut/Pois      0%         N/A       100%        5
 Metabolic Englaciation   Hex/Ice        0%         N/A       100%        5
 Simulacrum               Ice/Necr       0%         N/A       100%        6

Inventory:

Hand Weapons
 a - a +1 war axe (weapon) {axe}
 i - a +2 dagger of freezing {short}
   (You took it off a kobold on level 4 of the Dungeon)
Missiles
 h - 45 stones (quivered) {throwing}
 r - 3 boomerangs {throwing}
 s - 18 poisoned darts {throwing}
Armour
 b - a +0 scale mail (worn)
 c - a +1 buckler (worn)
Wands
 e - a wand of polymorph (10)
   (You took it off a hobgoblin on level 2 of the Dungeon)
Scrolls
 f - 3 scrolls of teleportation {@r4}
 g - a scroll of enchant weapon
 j - a scroll of enchant armour
 m - a scroll of immolation {!r!r}
 n - a scroll of noise {!r}
 o - a scroll of identify {@r1}
Potions
 d - a potion of might
 l - 3 potions of curing {@q1}
 p - a potion of brilliance
 q - a potion of invisibility

Dungeon Overview and Level Annotations

Branches:
Dungeon (4/15) Zot: 20476  Temple (0/1) D:4

Altars:
Makhleb
Trog

Annotations:
D:4 1 runed translucent door, boopmooplesden's ghost, amateur DrBe

########### ###
#.........##.
....##...........
...............#
...............##.
.....zz@.)........
###+##..>..#####
######....#
#.....# #.....#
#.....# ##....#
##....# #.....##


You could see 2 wights.


Message History

You kill the adder!
Trog accepts your kill.
No target in view!
No target in view!
No target in view!
No target in view!
No target in view!
l - 3 potions of curing {@q1} (gained 1) 2 wights come into view.
A wight is wielding a +2 morningstar of venom.
Found a stone staircase leading down. 😎 HP[+2]
Your hp is fully restored (57).
There are monsters nearby!
There are monsters nearby!
There are monsters nearby!
A wight comes into view. It is wielding a +0 war axe.
You barely miss the wight. You headbutt the wight.
The wight hits you with a +3 hand axe!
You feel drained. 😕 HP[-8]
You now have 56 max hp (-1).
You take 8 damage, and now have 49/56 hp.
You hit the wight but do no damage. Your headbutt misses the wight.
You hit the wight.
The wight hits you with a +2 morningstar of venom.
You feel drained.
You are poisoned.
You block the wight's attack. 😕 HP[-3]
You now have 55 max hp (-1).
You take 3 damage, and now have 46/55 hp.
A wight comes into view. It is wielding a +4 halberd.
You feel sick. The wight hits you but does no damage.
You are more poisoned.
The wight hits you with a +3 hand axe.
You feel drained. 😕 HP[-3]
You now have 54 max hp (-1).
You take 3 damage, and now have 43/54 hp.
You barely miss the wight. Your headbutt misses the wight. You slash the wight!
You destroy the wight!
Trog accepts your kill.
You barely miss the wight.
You feel very sick.
The wight hits you with a +2 morningstar of venom.
You feel drained.
The wight hits you but does no damage. 😮 HP[-7]
You now have 55 max hp (+1).
You take 7 damage, and now have 36/55 hp.
You slash the wight! x2
You feel very sick.
The wight hits you with a +2 morningstar of venom.
* * * LOW HITPOINT WARNING * * *
You feel drained.
* * * LOW HITPOINT WARNING * * *
The wight hits you but does no damage. 😨 HP[-10]
You now have 54 max hp (-1).
You take 10 damage, and now have 26/54 hp.
You slash the wight!
You destroy the wight!
Trog accepts your kill.
You hit the wight but do no damage.
You feel sick. The wight hits you with a +0 war axe.
* * * LOW HITPOINT WARNING * * *
You have reached level 7! 😨 HP[-1] MP[+1]
You now have 63 max hp (+9).
Your mp is fully restored (6).
You slash the wight!
You destroy the wight!
Trog accepts your kill.
You feel sick. The wight barely misses you.
Your life force feels restored. 😨 HP[-1]
You now have 64 max hp (+1).
A wight comes into view. It is wielding a +1 mace of draining.
You feel sick. The wight hits you with a +4 halberd.
* * * LOW HITPOINT WARNING * * *
You feel drained.
Things that are here:
a +3 hand axe {axe}; a +0 robe; 😨 HP[-6]
You now have 62 max hp (-2).
You take 6 damage, and now have 18/62 hp.
You barely miss the wight.
You feel sick. The wight hits you with a +4 halberd.
* * * LOW HITPOINT WARNING * * *
You feel drained.
* * * LOW HITPOINT WARNING * * *
😱 HP[-7]
You now have 61 max hp (-1).
You take 7 damage, and now have 11/61 hp.
You hit the wight.
You feel sick.
You are no longer poisoned.
The wight closely misses you. 😱 HP[-2]
You take 2 damage, and now have 9/61 hp.
You closely miss the wight. The wight barely misses you.
You hit the wight but do no damage. The wight hits you with a +4 halberd!
You die...

Skill      XL: |  1  2  3  4  5  6 |
---------------+-------------------+-----
Fighting       | 4 5 6 |  6.5
Axes           | 3 4 5 |  5.8
Armour         | 4 5 |  5.2
Throwing       | 1 2 |  2.7
Shields        | |  3.6

Action                   |  1- 3 |  4- 6 |  7- 9 || total
-------------------------+-------+-------+-------++-------
Melee: War axe           |    88 |    79 |     5 ||   172
       Headbutt          |    11 |    11 |       ||    22
  Use: Scroll            |       |    10 |       ||    10
Armor: Scale mail        |    42 |    36 |       ||    78
Dodge: Dodged            |    55 |    34 |     3 ||    92
Block: Buckler           |    21 |    15 |       ||    36

Levels and vault maps discovered:
D:1:      arrival_zaba_pyramid, layout_loops_corners,
          dreamdust_ecumenical_altar_drowned_temple
D:2:      layout_basic, basic_altar, minmay_pentomino_w4
D:3:      layout_rooms, lemuel_tele_altar, serial_bayou_pond_a,
          minmay_misc_feat_five, lexackson_kobold_supper, uniq_grinder,
          uniq_jessica
D:4:      layout_gridville, makhleb_heckhound_becter, minmay_temple_entry_fiery,
          hellmonk_ghost_happy_afterlife

Notes
Turn   | Place    | Note
-------+----------+-------------------------------------------
     0 | D:1      | Sanktem7 the Minotaur Fighter began the quest for the Orb.
     0 | D:1      | Reached XP level 1. HP: 19/19 MP: 0/0
     0 | D:1      | magus.rc [v1.9.6]
   179 | D:1      | You pick up a book of Winter and begin reading...
   179 | D:1      | You add the spells Ozocubu's Armour, Metabolic Englaciation
                  | and Simulacrum to your library.
   236 | D:1      | Found a faded altar of an unknown god.
   267 | D:1      | Reached XP level 2. HP: 27/27 MP: 1/1
   403 | D:1      | Reached skill level 4 in Fighting
   490 | D:1      | You pick up a book of Minor Magic and begin reading...
   490 | D:1      | You add the spells Magic Dart, Call Imp and Mephitic Cloud
                  | to your library.
   590 | D:1      | Reached skill level 3 in Axes
   800 | D:1      | Reached XP level 3. HP: 33/33 MP: 2/2
  1040 | D:2      | You pick up a book of Geomancy and begin reading...
  1040 | D:2      | You add the spells Sandblast, Passwall and Stone Arrow to
                  | your library.
  1057 | D:2      | Reached skill level 4 in Armour
  1292 | D:2      | Reached skill level 1 in Throwing
  1473 | D:2      | Found a burning altar of Makhleb.
  1589 | D:2      | Reached XP level 4. HP: 31/41 MP: 3/3
  1857 | D:3      | Noticed Grinder
  1862 | D:3      | Paralysed by Grinder for 5 turns
  1869 | D:3      | HP: 5/41 [Grinder (6)]
  1872 | D:3      | Paralysed by Grinder for 4 turns
  1880 | D:3      | Paralysed by Grinder for 2 turns
  2148 | D:3      | Paralysed by Grinder for 4 turns
  2162 | D:3      | Killed Grinder
  2163 | D:3      | Reached skill level 5 in Fighting
  2163 | D:3      | Reached skill level 4 in Axes
  2163 | D:3      | Reached skill level 2 in Throwing
  2163 | D:3      | Reached XP level 5. HP: 35/49 MP: 4/4
  2163 | D:3      | Reached XP level 6. HP: 41/56 MP: 5/5
  2261 | D:3      | Found a bloodstained altar of Trog.
  2310 | D:3      | You pick up a book of Party Tricks and begin reading...
  2310 | D:3      | You add the spells Apportation and Alistair's Intoxication
                  | to your library.
  2377 | D:3      | Identified the +5 rapier "Mizes" {flame, rC+ rN+ Dex-2}
  2394 | D:3      | Became a worshipper of Trog the Wrathful
  2435 | D:3      | You add the spells Sting, Poisonous Vapours and Olgreb's
                  | Toxic Radiance to your library.
  2714 | D:3      | Noticed Jessica
  2719 | D:3      | Killed Jessica
  2720 | D:3      | Reached skill level 5 in Axes
  2989 | D:4      | Reached skill level 6 in Fighting
  2989 | D:4      | Reached skill level 5 in Armour
  3195 | D:4      | You pick up a book of Burglary {forbidden} and begin
                  | reading...
  3195 | D:4      | You add the spells Ensorcelled Hibernation and Swiftness to
                  | your library.
  3325 | D:4      | Found a staircase to the Ecumenical Temple.
  3383 | D:4      | Found a runed translucent door.
  3392 | D:4      | Noticed boopmooplesden's ghost (amateur DrBe)
  3419 | D:4      | Reached * piety under Trog
  3445 | D:4      | Reached XP level 7. HP: 25/63 MP: 6/6
  3447 | D:4      | HP: 13/62 [wight/+4 halberd (4)]
  3450 | D:4      | Slain by a wight

Vanquished Creatures
  Grinder (D:3)
  An ogre (D:4)
  3 wights (D:4)
  Jessica (D:3)
  An orc wizard (D:3)
  3 adders
  5 worms
  2 dart slugs
  4 orcs (D:3)
  6 bats
  An endoplasm (D:1)
  4 giant cockroaches
  8 goblins
  6 hobgoblins
  4 jackals (D:1)
  5 quokkas
  5 ball pythons
  3 frilled lizards
  8 kobolds
  7 rats
  A spectral goblin (D:1)
79 creatures vanquished.

Vanquished Creatures (others)
  27 plants (D:3)
27 creatures vanquished.

Grand Total: 106 creatures vanquished

Table legend:
 A = Non-vault XP
 B = Vault XP
 C = Vault XP percentage of total XP
 D = Non-vault monster count
 E = Vault monster count
 F = Vault count percentage of total count
                 A         B        C        D         E       F
            +---------+---------+-------+---------+---------+-------
      Total |     529 |     337 |  38.9 |      65 |      14 |  17.7
            +---------+---------+-------+---------+---------+-------
        D:1 |      50 |       1 |   2.0 |      29 |       1 |   3.3
        D:2 |      39 |      17 |  30.4 |      13 |       3 |  18.8
        D:3 |      62 |     319 |  83.7 |      12 |      10 |  45.5
        D:4 |     378 |       0 |   0.0 |      11 |       0 |   0.0
            +---------+---------+-------+---------+---------+-------

Illustrated notes

Table legend:
 A = Kills in this place as a percentage of kills in entire the game.
 B = Kills by you in this place as a percentage of kills by you in the entire game.
 C = Kills by friends in this place as a percentage of kills by friends in the entire game.
 D = Other kills in this place as a percentage of other kills in the entire game.
 E = Experience gained in this place as a percentage of experience gained in the entire game.
 F = Experience gained in this place divided by the number of levels of this place that you have seen.
                   A       B       C       D       E      F
               +-------+-------+-------+-------+-------+----------------------
         Total | 100.0 | 100.0 |   N/A |   N/A | 100.0 | 216.5
       Dungeon | 100.0 | 100.0 |   N/A |   N/A | 100.0 | 216.5
               +-------+-------+-------+-------+-------+----------------------

Table legend: (Time is in decaauts)
 A = Elapsed time spent in this place.
 B = Non-inter-level travel time spent in this place.
 C = Inter-level travel time spent in this place.
 D = Time resting spent in this place.
 E = Time spent auto-exploring this place.
 F = Levels seen in this place.
 G = Mean time per level.
                   A        B        C        D        E       F      G
               +--------+--------+--------+--------+--------+-----+--------+
         Total |   3522 |   3380 |    142 |    298 |   2547 |   4 |  880.5 |
       Dungeon |   3522 |   3380 |    142 |    298 |   2547 |   4 |  880.5 |
               +--------+--------+--------+--------+--------+-----+--------+

Top non-repeatable levels by time:
     D:2: 1110 daAuts
     D:1: 1041 daAuts
     D:3: 837 daAuts
     D:4: 533 daAuts
